 Dungeon Crawl Stone Soup version 0.27-a0-287-gd4424db430 (webtiles) character file.

Game seed: 520301171940588070

290554 tsouns the Impassioned (level 20, -1/192 HPs)
             Began as a Palentonga Delver on Feb 5, 2021.
             Was a High Priest of Uskayaw.
             Slain by a fenstrider witch (3 damage)
             ... while paralysed by a fenstrider witch
             ... on level 4 of the Swamp on Feb 8, 2021.
             The game lasted 01:41:23 (44628 turns).

tsouns the Impassioned (Palentonga Delver)         Turns: 44628, Time: 01:41:23

Health: -1/192     AC: 43    Str: 23    XL:     20   Next: 28%
Magic:  32/32      EV:  1    Int:  9    God:    Uskayaw [*****.]
Gold:   3605       SH:  0    Dex: 15    Spells: 19/19 levels left

rFire    + + .     SeeInvis +   T - +6 morningstar (drain)
rCold    + . .     Faith    .   Y - -5 kite shield of Hukla {rPois Regen+ Dex+2 Stlth+}
rNeg     . . .     Spirit   .   u - +7 scale mail of the Miller {rPois rC+ Stlth+}
rPois    +         Reflect  +   b - +2 helmet
rElec    .         Harm     .   W - +2 cloak of Heten {rPois rF+}
rCorr    .         Rampage  .   L - +2 pair of gloves
Will     ++...                  H - +4 barding {Fly}
Stlth    ++++......             M - amulet of reflection
HPRegen  0.82/turn              Z - ring of willpower
MPRegen  0.23/turn              a - ring of protection from fire

@: paralysed, lethally poisoned (-1 -> -1), flying, curled up
A: large, stinger 1, rugged brown scales 3, see invisible, deformed body, dopey
1, wild magic 1, evolution 1, roll 1, armoured tail, reflexive curl
}: 1/15 runes: serpentine
a: Rolling Charge, Stop Flying, Renounce Religion, Stomp, Line Pass, Grand
Finale


You were on level 4 of the Swamp.
You worshipped Uskayaw.
Uskayaw was most pleased with you.
You visited 6 branches of the dungeon, and saw 31 of its levels.
You also visited: Bailey and Ice Cave.

You collected 4579 gold pieces.
You spent 974 gold pieces at shops.

Inventory:

Hand Weapons
 s - a +0 demon whip of electrocution
 T - a +6 morningstar of draining (weapon)
Missiles
 e - 3 curare-tipped darts (quivered)
 t - 12 javelins
 y - 4 throwing nets
Armour
 b - a +2 helmet (worn)
 u - the +7 scale mail of the Miller (worn) {rPois rC+ Stlth+}
   (You found it on level 4 of the Dungeon)

   It protects you from cold.
   It protects you from poison.
   It makes you more stealthy.
 H - a +4 barding of flying (worn)
 L - a +2 pair of gloves (worn)
 W - the +2 cloak of Heten (worn) {rPois rF+}
   (You found it on level 15 of the Dungeon)

   It protects you from fire.
   It protects you from poison.
 Y - the -5 kite shield of Hukla (worn) {rPois Regen+ Dex+2 Stlth+}
   (You took it off Asterion on level 3 of the Snake Pit)

   It affects your dexterity (+2).
   It protects you from poison.
   It increases your rate of regeneration.
   It makes you more stealthy.
Jewellery
 a - a ring of protection from fire (right hand)
 x - an uncursed ring of positive energy
 M - an amulet of reflection (around neck)
 P - a +4 ring of slaying
 Z - a ring of willpower (left hand)
Wands
 f - a wand of mindburst (10)
 g - a wand of digging (21)
 h - a wand of iceblast (29)
 n - a wand of charming (4)
 I - a wand of polymorph (43)
 K - a wand of paralysis (16)
 R - a wand of acid (12)
Scrolls
 c - 5 scrolls of fog
 d - 4 scrolls of magic mapping
 j - 16 scrolls of remove curse
 p - 16 scrolls of teleportation
 q - 2 scrolls of fear
 r - 2 scrolls of brand weapon
 B - 4 scrolls of summoning
 C - 5 scrolls of blinking
 J - a scroll of silence
 N - 2 scrolls of enchant armour
 X - a scroll of immolation
Potions
 i - 2 potions of might
 l - 2 potions of lignification
 m - a potion of berserk rage
 o - 4 potions of heal wounds
 w - 3 potions of invisibility
 z - 15 potions of curing
 A - 4 potions of mutation
 D - 6 potions of brilliance
 E - 6 potions of resistance
 F - 3 potions of haste
 G - 2 potions of ambrosia
 Q - 4 potions of magic
 S - a potion of cancellation
Miscellaneous
 k - a phial of floods
 v - a condenser vane
 O - a phantom mirror
 V - a lightning rod (4/4)


   Skills:
 + Level 15.7 Fighting
 - Level 16.0 Maces & Flails
 + Level 11.8 Armour
 + Level 9.6 Dodging
 - Level 5.1 Stealth
 + Level 10.1 Shields
 * Level 16.1 Invocations
 - Level 8.9 Evocations


You had 19 spell levels left.
You didn't know any spells.
Your spell library contained the following spells:

 Spells                   Type           Power        Failure   Level
 Animate Skeleton         Necr           0%           71%         1
 Apportation              Tloc           0%           71%         1
 Corona                   Hex            0%           71%         1
 Magic Dart               Conj           0%           71%         1
 Shock                    Conj/Air       0%           71%         1
 Summon Small Mammal      Summ           0%           71%         1
 Blink                    Tloc           N/A          83%         2
 Call Imp                 Summ           0%           83%         2
 Corpse Rot               Necr/Air       N/A          83%         2
 Slow                     Hex            0%           83%         2
 Sublimation of Blood     Necr           0%           83%         2
 Swiftness                Air            0%           83%         2
 Confusing Touch          Hex            0%           96%         3
 Conjure Flame            Conj/Fire      0%           96%         3
 Gell's Gravitas          Tloc           0%           96%         3
 Inner Flame              Hex/Fire       0%           96%         3
 Lesser Beckoning         Tloc           0%           96%         3
 Mephitic Cloud           Conj/Pois/Air  0%           96%         3
 Portal Projectile        Hex/Tloc       0%           96%         3
 Static Discharge         Conj/Air       0%           96%         3
 Teleport Other           Tloc           0%           96%         3
 Airstrike                Air            0%           100%        4
 Animate Armour           Summ/Erth      0%           100%        4
 Cause Fear               Hex            0%           100%        4
 Dispel Undead            Necr           0%           100%        4
 Ice Form                 Ice/Tmut       0%           100%        4
 Leda's Liquefaction      Hex/Erth       0%           100%        4
 Passage of Golubria      Tloc           N/A          100%        4
 Petrify                  Tmut/Erth      0%           100%        4
 Agony                    Necr           0%           100%        5
 Bolt of Magma            Conj/Fire/Erth 0%           100%        5
 Excruciating Wounds      Necr           0%           100%        5
 Lightning Bolt           Conj/Air       0%           100%        5
 Metabolic Englaciation   Hex/Ice        0%           100%        5
 Yara's Violent Unravell  Hex/Tmut       0%           100%        5
 Freezing Cloud           Conj/Ice/Air   0%           100%        6
 Iron Shot                Conj/Erth      0%           100%        6
 Simulacrum               Ice/Necr       0%           100%        6
 Statue Form              Tmut/Erth      0%           100%        6
 Ozocubu's Refrigeration  Ice            0%           100%        7
 Borgnjor's Revivificati  Necr           0%           100%        8
 Infestation              Necr           0%           100%        8
 Necromutation            Tmut/Necr      0%           100%        8
 Death's Door             Necr           0%           100%        9
 Shatter                  Erth           0%           100%        9


Dungeon Overview and Level Annotations

Branches:
Dungeon (15/15)            Temple (1/1) D:6            Lair (6/6) D:10
  Swamp (4/4) Lair:4        Snake (4/4) Lair:4        Slime (0/5) Lair:6
    Orc (2/2) D:9             Elf (0/3) Orc:2        Vaults (0/5) D:14
 Depths (0/5) D:15         Bailey (visited)           IceCv (visited)

Altars:
Cheibriados
Dithmenos
Elyvilon
Fedhas
Gozag
Hepliaklqana
Kikubaaqudgha
Makhleb
Okawaru
Qazlal
Ru
Sif Muna
Trog
Uskayaw
Vehumet
Wu Jian
Xom
Zin
The Shining One
Jiyva

Shops:
D:13 (   Orc:2 !((=   Snake:3 *=*

Annotations:
Lair:4 3 runed translucent doors, kae's ghost, journeyman TrMo


Innate Abilities, Weirdness & Mutations

You are completely covered in rugged brown scales. (AC +3, +7% HP)
You have supernaturally acute eyesight. (SInv)
Armour fits poorly on your strangely shaped body.
You can roll at nearby foes to attack.
You have a long armoured tail.
You curl defensively after being hit.
Your tail ends in a poisonous barb.
You are dopey. (Int -2)
Your spells are a little harder to cast, but a little more powerful.
You evolve.


Message History

The fenstrider witch kicks you but does no damage.
The fenstrider witch hits you but does no damage.
The fenstrider witch kicks you but does no damage.
The fenstrider witch points at you and mumbles some strange words.
You easily resist.
The fenstrider witch hits you but does no damage.
The fenstrider witch kicks you but does no damage.
The fenstrider witch hits you but does no damage.
The fenstrider witch kicks you!
* * * LOW HITPOINT WARNING * * *
The fenstrider witch points at you and mumbles some strange words.
The toxic sludge hits you!
You are poisoned.
You partially resist.
* * * LOW HITPOINT WARNING * * *
You feel sick.
The fenstrider witch hits you but does no damage.
The fenstrider witch kicks you but does no damage.
The fenstrider witch hits you.
You die...

≈≈≈.≈.##≈.≈..≈♣##≈≈≈§.≈≈#.≈.≈≈≈≈≈
..≈♣####♣.≈8≈≈♣####♣.§≈≈#..≈≈≈≈≈≈
≈♣## #≈.≈♣≈≈≈#.≈###♣.≈#.≈≈≈≈≈..
♣# ≈.≈#♣♣♣♣♣#..≈.)##♣♣#♣≈.<.≈♣♣
##≈ ### #≈####### ♣♣≈≈≈.♣♣ ≈ ≈§..
#.≈≈≈≈.≈♣ ♣≈≈[≈≈. ≈≈.∩#♣♣♣[≈≈.♣
♣.≈≈≈§§ # #≈H≈≈♣≈≈♣# ♣≈≈≈≈.. #
#♣H@))..♣ ♣♣♣≈≈≈..≈ ## ♣≈≈≈≈≈♣#
♣♣.≈≈≈≈≈.§ ≈## ♣≈≈≈.♣#
♣♣.≈≈.≈≈.!♣ ..## .≈.≈≈♣#
♣≈§≈...§<<♣ ..≈### #≈≈.♣##
♣♣.≈......≈ ≈....### #≈≈.#
♣≈.≈≈§.♣≈..♣ .....≈.########
♣≈≈≈≈≈≈.≈≈♣. .......≈≈.§♣
♣≈..(≈≈.♣♣♣≈ .≈≈....♣≈≈♣♣
≈≈≈..≈≈≈ ♣≈


You could see 2 fenstrider witches.

Vanquished Creatures
  3 tentacled monstrosities
  Rupert (Snake:1)
  Jorgrun (Snake:3)
  Asterion (Snake:3)
  3 liches (D:15)
  2 fenstrider witches (Swamp:4)
  11 nagarajas
  The ghost of Xoixtav the Impaler, an adept FoFi of Cheibriados (D:15)
  2 frost giants
  Roxanne (Snake:3)
  The ghost of Okhlofrez the Convoker, an adept DESu of Sif Muna (D:15)
  4 ghouls (Swamp:4)
  An orc warlord (Orc:2)
  A stone giant (D:11)
  A dire elephant (D:15)
  Snorg (Lair:6)
  3 bunyips
  A blizzard demon (Swamp:4)
  3 ettins
  6 eleionomae
  A yaktaur captain (D:13)
  A shambling mangrove (Swamp:2)
  Harold (D:7)
  A merfolk avatar (Lair:6)
  An ice dragon (D:11)
  5 ogre magi
  4 vault guards (D:14)
  15 hydras
  4 ghost crabs
  2 spriggan air magi
  A death knight (D:14)
  19 naga warriors
  9 anacondas
  2 boulder beetles
  2 centaur warriors
  17 two-headed ogres
  12 alligators
  A death yak (IceCv)
  A tengu warrior (D:13)
  A spriggan berserker (Swamp:4)
  5 shock serpents (Snake:3)
  10 naga sharpshooters
  A deep troll earth mage (D:13)
  A deep elf knight (D:13)
  A salamander mystic (Snake:2)
  A soul eater (Swamp:4)
  A sixfirhy (Swamp:4)
  2 goliath frogs
  3 swamp dragons
  11 spriggan druids
  7 naga ritualists
  3 wizards
  Pikel (D:4)
  3 bog bodies
  2 phantasmal warriors
  4 deep elf pyromancers
  A lindwurm (Lair:3)
  7 mana vipers
  2 harpies (Lair:6)
  5 oklob plants (Lair:5)
  3 orc knights
  3 will-o-the-wisps
  17 cyclopes
  6 ugly things
  17 elephants
  14 salamanders
  4 manticores
  19 naga magi
  37 black mambas
  A torpor snail (Lair:2)
  8 guardian serpents
  An ice statue (IceCv)
  4 gargoyles
  16 cane toads
  4 centaur zombies
  2 centaur skeletons
  4 rime drakes
  12 komodo dragons
  A hellwing (Swamp:3)
  A troll (D:10)
  22 polar bears
  Grinder (D:6)
  7 tyrant leeches
  5 hornets
  12 slime creatures
  6 spriggans
  82 yaks
  A vampire (D:12)
  4 wraiths
  5 wyverns
  A water elemental (D:13)
  Eustachio (D:5)
  6 basilisks
  11 vampire mosquitoes
  A chaos spawn (Swamp:4)
  A neqoxec (Swamp:4)
  5 wargs
  Edmund (D:5)
  55 nagas
  3 soldier ants
  2 acid dragons (D:14)
  13 swamp worms
  16 water moccasins
  6 swamp drakes
  26 orc warriors
  5 sky beasts
  5 necrophages
  A hornet zombie (D:11)
  2 eyes of draining (D:3)
  6 black bears
  45 ogres
  24 wolves
  13 centaurs
  2 phantoms
  2 kobold brigands
  2 gnoll sergeants
  Blork the orc (D:4)
  19 bullfrogs
  A wyvern skeleton (D:13)
  A water moccasin skeleton (D:12)
  15 killer bees
  4 scorpions
  16 wights
  10 electric eels
  2 howler monkeys
  A quasit (D:8)
  8 hounds
  2 jellies
  3 bullfrog skeletons
  A gnoll shaman (D:9)
  17 orc priests
  Natasha (D:4)
  Jessica (D:2)
  Terence (D:2)
  7 iguanas
  20 orc wizards
  6 hell rats (Lair:4)
  9 worker ants
  A killer bee zombie (D:6)
  2 hound skeletons
  2 worker ant zombies
  27 gnolls
  10 adders
  A shadow imp (D:6)
  2 white imps
  An ufetubus (D:5)
  4 oozes
  2 adder skeletons
  4 worms
  5 leopard geckos
  104 orcs
  A ball python (D:2)
  5 giant cockroaches
  A goblin (shapeshifter) (D:13)
  32 hobgoblins
  14 jackals
  3 quokkas
  5 bats
  2 frilled lizards
  34 goblins
  32 kobolds
  A leopard gecko skeleton (D:6)
  2 leopard gecko zombies
  7 rats
1243 creatures vanquished.

Vanquished Creatures (others)
  An ettin (D:11)
  A centaur warrior (D:13)
  A troll (D:14)
  2 bloated husks
  A polar bear (IceCv)
  2 vampire mosquitoes (D:15)
  A wolf (IceCv)
  3 wights (D:15)
  2 orc wizards (D:15)
  6 foxfires (Swamp:1)
  25 fungi
  89 plants
134 creatures vanquished.

Grand Total: 1377 creatures vanquished

Notes
Turn   | Place    | Note
-------+----------+-------------------------------------------
     0 | D:5      | tsouns the Palentonga Delver began the quest for the Orb.
     0 | D:5      | Reached XP level 1. HP: 20/20 MP: 1/1
    35 | D:4      | Noticed a lemure
    35 | D:4      | Noticed a lemure
    35 | D:4      | Noticed Pikel
    35 | D:4      | Noticed a lemure
    35 | D:4      | Noticed a lemure
   167 | D:5      | Noticed Edmund
   181 | D:5      | Killed Edmund
   182 | D:5      | Reached XP level 2. HP: 4/29 MP: 2/2
   182 | D:5      | Reached XP level 3. HP: 5/36 MP: 3/3
   182 | D:5      | Reached XP level 4. HP: 6/43 MP: 4/4
   380 | D:5      | Reached XP level 5. HP: 35/50 MP: 5/5
   630 | D:4      | Noticed Blork the orc
   740 | D:5      | Noticed Eustachio
   768 | D:4      | Killed Blork the orc
   769 | D:4      | Reached skill level 5 in Fighting
   769 | D:4      | Reached XP level 6. HP: 29/59 MP: 6/6
   867 | D:5      | Killed Eustachio
   868 | D:5      | Reached skill level 5 in Maces & Flails
  1226 | D:5      | Gained mutation: You curl defensively after being hit.
                  | [Palentonga growth]
  1226 | D:5      | Reached XP level 7. HP: 58/67 MP: 7/7
  1589 | D:4      | Noticed Natasha
  1594 | D:4      | Killed Natasha
  1897 | D:3      | Found a hide-covered altar of Uskayaw.
  1906 | D:3      | Became a worshipper of Uskayaw the Reveller
  1920 | D:3      | Reached * piety under Uskayaw
  1924 | D:3      | Reached ** piety under Uskayaw
  1953 | D:3      | Found a bloodstained altar of Trog.
  1962 | D:3      | Reached XP level 8. HP: 78/78 MP: 0/8
  1963 | D:3      | Reached *** piety under Uskayaw
  1965 | D:3      | Reached **** piety under Uskayaw
  2159 | D:3      | Found an opulent altar of Gozag.
  3120 | D:2      | Noticed Jessica
  3124 | D:2      | Killed Jessica
  3165 | D:2      | Noticed Terence
  3173 | D:2      | Killed Terence
  3258 | D:2      | Reached skill level 1 in Armour
  4172 | D:4      | Got a scorched scale mail
  4187 | D:4      | Identified the +7 scale mail of the Miller {rPois rC+
                  | Stlth+} (You found it on level 4 of the Dungeon)
  4342 | D:4      | Killed Pikel
  4343 | D:4      | Reached skill level 1 in Shields
  4343 | D:4      | Reached XP level 9. HP: 83/87 MP: 9/9
  4931 | D:6      | Found a shimmering blue altar of Sif Muna.
  4931 | D:6      | Found a white marble altar of Elyvilon.
  4933 | D:6      | Found a staircase to the Ecumenical Temple.
  4933 | D:6      | Noticed Grinder
  4953 | D:6      | Reached ***** piety under Uskayaw
  4962 | D:6      | Killed Grinder
  5159 | D:6      | Reached skill level 1 in Invocations
  5418 | D:6      | Found a radiant altar of Vehumet.
  5852 | Temple   | Entered the Ecumenical Temple
  5998 | D:7      | Noticed Harold
  6016 | D:7      | Killed Harold
  6017 | D:7      | Reached XP level 10. HP: 77/97 MP: 12/12
  7322 | D:8      | Found a sacrificial altar of Ru.
  7483 | D:9      | Noticed a two-headed ogre
  7493 | D:9      | Killed a two-headed ogre
  7494 | D:9      | Reached skill level 10 in Fighting
  7494 | D:9      | Reached skill level 5 in Armour
  7497 | D:9      | Reached skill level 5 in Invocations
  7579 | D:9      | Reached skill level 10 in Maces & Flails
  7591 | D:9      | Reached ****** piety under Uskayaw
  7692 | D:9      | Found a staircase to the Orcish Mines.
  8027 | D:9      | Reached XP level 11. HP: 100/108 MP: 15/15
  8499 | D:10     | Entered Level 10 of the Dungeon
  8843 | D:10     | Found a staircase to the Lair.
  9737 | Lair:1   | Entered Level 1 of the Lair of Beasts
 10135 | Lair:1   | Found an opulent altar of Gozag.
 11158 | Lair:2   | Reached XP level 12. HP: 109/117 MP: 18/18
 12294 | Lair:3   | Reached skill level 5 in Dodging
 12294 | Lair:3   | Reached XP level 13. HP: 113/125 MP: 19/19
 13517 | Lair:4   | Found a runed translucent gate.
 13518 | Lair:4   | Found a runed translucent gate.
 13519 | Lair:4   | Found a runed translucent gate.
 13522 | Lair:4   | Found a viscous altar of Jiyva.
 13522 | Lair:4   | Noticed kae's ghost (journeyman TrMo)
 13864 | Lair:4   | Identified a scroll of acquirement
 13864 | Lair:4   | Acquired a +2 barding of flying
 13871 | Lair:4   | Found a staircase to the Snake Pit.
 14453 | Lair:4   | Found a staircase to the Swamp.
 16215 | Lair:6   | Entered Level 6 of the Lair of Beasts
 16923 | Lair:6   | Reached XP level 14. HP: 125/134 MP: 21/21
 16946 | Lair:6   | Noticed Snorg
 16970 | Lair:6   | Killed Snorg
 17983 | Lair:6   | Reached skill level 10 in Invocations
 19002 | Lair:6   | Found a viscous altar of Jiyva.
 19002 | Lair:6   | Found a staircase to the Slime Pits.
 19925 | Orc:1    | Entered Level 1 of the Orcish Mines
 20150 | Orc:2    | Entered Level 2 of the Orcish Mines
 20384 | Orc:2    | Found Heorgh's Jewellery Shop.
 20384 | Orc:2    | Found Kumogguw's Weapon Emporium.
 20384 | Orc:2    | Found Sireyhio's Weapon Emporium.
 20384 | Orc:2    | Found Cuoloc's Distillery.
 20395 | Orc:2    | Reached skill level 10 in Armour
 21326 | Orc:2    | Bought a potion of curing for 48 gold pieces
 21326 | Orc:2    | Bought a potion of curing for 48 gold pieces
 21326 | Orc:2    | Bought a potion of berserk rage for 80 gold pieces
 21352 | Orc:2    | Found a staircase to the Elven Halls.
 21502 | Orc:2    | Noticed an orc warlord
 21827 | Orc:2    | Killed an orc warlord
 21837 | Orc:2    | Reached XP level 15. HP: 99/144 MP: 18/23
 22646 | Orc:1    | Found an iron altar of Okawaru.
 23015 | D:11     | Found a frozen archway.
 23350 | IceCv    | Entered an ice cave
 24174 | IceCv    | Noticed a frost giant
 24204 | IceCv    | Killed a frost giant
 24259 | IceCv    | Got a warped ring mail
 24276 | IceCv    | Identified the +5 ring mail of Watchfulness {Regen+ Str+2}
                  | (You found it in an ice cave)
 24569 | D:11     | Got a dazzling mace
 24576 | D:11     | Identified the +9 mace of Terror {distort, +Fly rF++ Str+2
                  | Int-2} (You found it on level 11 of the Dungeon)
 24777 | D:11     | Gained mutation: Your magical capacity is low. (-10% MP)
                  | [mutagenic glow]
 24901 | D:11     | Lost mutation: Your magical capacity is low. (-10% MP)
                  | [potion of mutation]
 24901 | D:11     | Gained mutation: Your muscles are strong. (Str +2) [potion
                  | of mutation]
 25164 | D:11     | Reached skill level 5 in Shields
 25844 | D:11     | Identified the +7 scimitar of Emnouvauf {speed, rPois Will+
                  | Int+3} (You found it on level 11 of the Dungeon)
 26269 | D:12     | Reached skill level 1 in Evocations
 26449 | D:12     | Found a flagged portal.
 26485 | Bailey   | Entered a bailey
 27578 | D:13     | Found Nuhonabe's Weapon Boutique.
 27778 | D:13     | Paralysed by a centaur for 5 turns
 27783 | D:13     | Noticed a frost giant
 27786 | D:13     | Reached XP level 16. HP: 44/156 MP: 12/25
 28924 | D:13     | Got an iridescent arbalest
 28925 | D:13     | Identified the cursed +1 arbalest of Cigax {venom, rElec
                  | MP-9 Int+3} (You found it on level 13 of the Dungeon)
 29968 | D:14     | Found a gate to the Vaults.
 30329 | D:15     | Entered Level 15 of the Dungeon
 30395 | D:15     | Reached skill level 5 in Evocations
 30596 | D:15     | Found a runed translucent gate.
 30597 | D:15     | Found a runed translucent gate.
 30597 | D:15     | Found an ancient bone altar of Kikubaaqudgha.
 30598 | D:15     | Found a runed translucent gate.
 30598 | D:15     | Noticed Xoixtav's ghost (adept FoFi)
 30598 | D:15     | Noticed Okhlofrez's ghost (adept DESu)
 30598 | D:15     | Noticed a lich
 30599 | D:15     | Noticed a lich
 30599 | D:15     | Noticed a lich
 31434 | D:15     | Found a staircase to the Depths.
 31908 | D:15     | Killed a lich
 31908 | D:15     | Killed a lich
 31908 | D:15     | Killed a lich
 31938 | D:15     | Noticed a sphinx
 31938 | D:15     | Killed Okhlofrez's ghost
 31939 | D:15     | Killed Xoixtav's ghost
 32013 | D:15     | Got a fine cloak
 32014 | D:15     | Identified the +2 cloak of Heten {rPois rF+} (You found it
                  | on level 15 of the Dungeon)
 32023 | D:15     | Got a clouded steel ring
 32024 | D:15     | Identified the ring "Ejoup" {+Fly Int+4 Dex+3 Stlth-} (You
                  | found it on level 15 of the Dungeon)
 32273 | Snake:1  | Entered Level 1 of the Snake Pit
 32822 | Lair:5   | Got a dazzling buckler
 32833 | Lair:5   | Identified the +0 buckler of Xyfugucy {Str+4 Dex-4} (You
                  | found it on level 5 of the Lair of Beasts)
 32861 | Lair:5   | Upgraded the game from 0.27-a0-277-g024f7ef292 to
                  | 0.27-a0-287-gd4424db430
 33971 | Snake:1  | Noticed Rupert
 33994 | Snake:1  | Killed Rupert
 33995 | Snake:1  | Reached XP level 17. HP: 84/164 MP: 27/27
 37557 | Snake:3  | Found Xomyubli's Assorted Antiques.
 37568 | Snake:3  | Found Hiqumeol's Jewellery Emporium.
 37577 | Snake:3  | Bought a potion of curing for 138 gold pieces
 37583 | Snake:3  | Bought an uncursed amulet of reflection for 480 gold pieces
 37750 | Snake:3  | Noticed Jorgrun
 37766 | Snake:3  | Killed Jorgrun
 37767 | Snake:3  | Reached skill level 15 in Fighting
 38109 | Snake:3  | Found Kuytoath's General Store.
 38143 | Snake:3  | Bought a scroll of enchant weapon for 90 gold pieces
 38143 | Snake:3  | Bought a scroll of enchant armour for 90 gold pieces
 38268 | Snake:3  | Noticed Roxanne
 38308 | Snake:3  | Killed Roxanne
 38427 | Snake:3  | Identified the cursed -5 kite shield of Hukla {rPois Regen+
                  | Dex+2 Stlth+}
 38427 | Snake:3  | Noticed Asterion
 38441 | Snake:3  | Killed Asterion
 39151 | Snake:4  | Entered Level 4 of the Snake Pit
 39157 | Snake:4  | Reached skill level 15 in Invocations
 39659 | Snake:4  | Reached XP level 18. HP: 156/174 MP: 29/29
 39997 | Snake:4  | Found an iron altar of Okawaru.
 40839 | Snake:4  | Reached skill level 10 in Shields
 41206 | Snake:4  | Got a serpentine rune of Zot
 41391 | Swamp:1  | Entered Level 1 of the Swamp
 42332 | Swamp:2  | Reached skill level 15 in Maces & Flails
 43547 | Swamp:4  | Entered Level 4 of the Swamp
 43685 | Swamp:4  | Noticed a tentacled monstrosity
 43747 | Swamp:3  | Killed a tentacled monstrosity
 43833 | Swamp:4  | Gained mutation: You occasionally shout uncontrollably at
                  | your foes. [a neqoxec]
 43836 | Swamp:4  | Lost mutation: You occasionally shout uncontrollably at
                  | your foes. [potion of mutation]
 43836 | Swamp:4  | Lost mutation: Your muscles are strong. (Str +2) [potion of
                  | mutation]
 43836 | Swamp:4  | Gained mutation: You are dopey. (Int -2) [potion of
                  | mutation]
 43836 | Swamp:4  | Gained mutation: You evolve. [potion of mutation]
 43836 | Swamp:4  | Gained mutation: Your spells are a little harder to cast,
                  | but a little more powerful. [potion of mutation]
 44039 | Swamp:4  | Reached XP level 19. HP: 181/181 MP: 30/30
 44065 | Swamp:4  | Reached skill level 5 in Stealth
 44367 | Swamp:4  | Reached XP level 20. HP: 191/191 MP: 31/31
 44398 | Swamp:4  | Gained mutation: Your tail ends in a poisonous barb.
                  | [evolution]
 44623 | Swamp:4  | Paralysed by a fenstrider witch for 6 turns
 44627 | Swamp:4  | HP: 3/192 [fenstrider witch/toxic sludge (12)]
 44628 | Swamp:4  | Slain by a fenstrider witch

Illustrated notes

Levels and vault maps discovered:
D:2:      layout_basic, minmay_misc_feat_rows, minmay_vboxes, uniq_jessica,
          uniq_terence
D:3:      minmay_goblin_kobold_castle, layout_basic, trog_eyes_of_draining,
          overflow_temple_1_default, grunt_gozag_breadcrumbs
D:4:      layout_cave_pools, kennysheep_small_circle, uniq_blork_the_orc,
          uniq_pikel, uniq_natasha
D:5:      layout_loops_ring, lightli_ossuary_entry_decrepit_ruins, uniq_edmund,
          uniq_eustachio
D:6:      layout_loops_ring, grunt_temple_overflow_open,
          minmay_temple_entry_arrows, serial_bayou_pond_a,
          nicolae_underground_beach, uniq_grinder
D:7:      layout_loops_corners, minmay_misc_feat_square, hex_large, uniq_harold
D:8:      layout_basic, general_overflow_altar
D:9:      layout_loops_ring, orc_0_dummy, minmay_misc_feat_rugged
D:10:     layout_irregular_city, lair_entry_dummy
D:11:     giant_chief_lemuel, layout_rooms,
          portal_ice_cave_entry_animals_and_master, chequers_jeans,
          serial_park_tiny_2, nrook_guardian_serpent_ordinary
D:12:     layout_long_grid, enter_bailey_4
D:13:     minmay_chopped_fan, layout_cave_pools, serial_shops, shop_fountains,
          st_stairs_9, serial_bayou_lagoon_b
D:14:     layout_rooms, lightli_vaults_fourway_checkpoint,
          minmay_staircase_bubble, minivault_26
D:15:     hangedman_depths_entry_try_elsewhere_first, layout_basic,
          palyth_stone_intersect, gammafunk_ghost_crypt, lemuel_old_faithful
Temple:   nicolae_temple_x_marks_the_god
Lair:1:   layout_regular_city, amcnicky_altar_gilded
Lair:2:   layout_regular_city, chequers_serial_rivers_micro_a
Lair:3:   layout_cave_shapes, beast_lair_carwin_5
Lair:4:   layout_misc_corridors, minmay_swamp_entry_eels, dummy_snake_entry,
          gammafunk_ghost_ooze
Lair:5:   layout_concentric_octagons, chequers_serial_rivers_large_b,
          minivault_24, minmay_stone_trees_small, grunt_megastairs_4,
          minmay_lair_oklob_chamber, infiniplex_staircase_pool,
          lemuel_fruit_tree, serial_bayou_shore_b
Lair:6:   gammafunk_lair_ancient_temple, layout_cave_pods,
          dpeg_slime_entry_enclosed_altar, grunt_megastairs_1,
          lemuel_fruit_fields, lemuel_fruit_fields, uniq_snorg
Swamp:1:  layout_falls_marsh, evilmike_swamp_ruin_house_1
Swamp:2:  layout_basic_swamp, evilmike_swamp_ruin_rubble_1, swamp_pool2,
          infiniplex_staircase_pool_2
Swamp:3:  layout_basic_swamp, nicolae_swamp_trees_clearing, swamp_pool5,
          grunt_witch_cave
Swamp:4:  nzn_swamp_witches_coven, layout_basic_swamp, swamp_pool5
Snake:1:  layout_grid_maze, hangedman_snake_corridor_split,
          serial_bayou_shore_a, uniq_rupert
Snake:2:  nicolae_cobra_stairs, layout_basic, nicolae_snake_double_loop
Snake:3:  layout_cave_shapes, serial_shops, nicolae_shop_trees,
          minmay_shoptagon, grunt_megastairs_5, uniq_roxanne, uniq_asterion,
          uniq_jorgrun
Snake:4:  minmay_snake_end_coiled, layout_layer_cave, basic_altar
Orc:1:    layout_diamond_mine, okawaru_metal_pillars_3
Orc:2:    st_orc_ogre_mass, layout_diamond_mine

Skill      XL: |  1  2  3  4  5  6  7  8  9 10 11 12 13 14 15 16 17 18 19 20 |
---------------+-------------------------------------------------------------+-----
Fighting       | 4 5 6 7 8 9 10 11 12 13 14 15 | 15.7
Maces & Flails | 3 4 5 6 8 9 10 11 12 14 15 16 | 16.0
Armour         | 2 4 5 7 8 9 10 11 | 11.8
Shields        | 1 2 6 9 10 | 10.1
Invocations    | 3 5 8 9 11 13 14 15 16 | 16.1
Dodging        | 5 6 7 8 9 |  9.6
Evocations     | 3 6 7 8 |  8.9
Stealth        | 4 5 |  5.1

Action                   |  1- 3 |  4- 6 |  7- 9 | 10-12 | 13-15 | 16-18 | 19-21 || total
-------------------------+-------+-------+-------+-------+-------+-------+-------++-------
Melee: Mace              |     4 |       |       |       |    20 |       |       ||    24
       Flail             |       |    76 |   419 |   624 |  1657 |   386 |       ||  3162
       Tailslap          |       |     9 |    51 |    95 |   317 |   303 |    25 ||   800
       Morningstar       |       |       |       |       |       |  1185 |   107 ||  1292
       Demon whip        |       |       |       |       |       |     8 |       ||     8
Throw: Dart              |     3 |     2 |       |       |     3 |       |       ||     8
Invok: Stomp             |       |       |       |       |    36 |    17 |       ||    53
       Grand Finale      |       |       |       |       |       |     1 |       ||     1
 Abil: Stop Flying       |       |       |       |       |     1 |     1 |       ||     2
       Evoke Flight      |       |       |       |       |     1 |     1 |       ||     2
Evoke: Wand              |     5 |       |       |       |    27 |    31 |       ||    63
       Lightning rod     |       |       |       |       |       |    12 |       ||    12
       Condenser vane    |       |       |       |       |       |     5 |       ||     5
  Use: Potion            |       |     1 |       |     1 |     6 |     3 |     1 ||    12
       Scroll            |       |       |    13 |    10 |    13 |    16 |       ||    52
 Stab: Distracted        |       |     1 |     1 |       |     1 |     2 |       ||     5
       Paralysed         |       |       |    11 |    42 |   119 |   143 |    15 ||   330
       Sleeping          |       |       |     4 |     3 |     4 |    14 |     2 ||    27
       Confused          |       |       |       |       |       |       |     1 ||     1
Armor: Leather armour    |     2 |     5 |       |       |       |       |       ||     7
       Chain mail        |       |    50 |   174 |       |       |       |       ||   224
       Scale mail        |       |       |    68 |   328 |  1167 |   826 |    69 ||  2458
       Skin              |       |       |       |       |    29 |       |       ||    29
Dodge: Dodged            |     8 |    27 |   118 |   208 |   547 |   415 |    29 ||  1352
Block: Buckler           |       |       |    16 |    94 |   191 |       |       ||   301
       Tower shield      |       |       |       |       |   708 |   337 |       ||  1045
       Kite shield       |       |       |       |       |       |   604 |    55 ||   659
       Reflection        |       |       |       |       |       |    43 |     3 ||    46

Table legend: (Time is in decaauts)
 A = Elapsed time spent in this place.
 B = Non-inter-level travel time spent in this place.
 C = Inter-level travel time spent in this place.
 D = Time resting spent in this place.
 E = Time spent auto-exploring this place.
 F = Levels seen in this place.
 G = Mean time per level.
                   A        B        C        D        E       F      G
               +--------+--------+--------+--------+--------+-----+--------+
         Total |  44139 |  42310 |   1829 |      0 |  33468 |  33 | 1337.5 |
       Dungeon |  17977 |  17252 |    725 |      0 |  13734 |  14 | 1284.1 |
        Temple |      1 |      1 |      0 |      0 |      0 |   1 |    1.0 |
          Lair |  11138 |  10334 |    804 |      0 |   8809 |   6 | 1856.3 |
         Swamp |   3106 |   3051 |     55 |      0 |   2237 |   4 |  776.5 |
     Snake Pit |   7751 |   7576 |    175 |      0 |   5923 |   4 | 1937.8 |
  Orcish Mines |   2881 |   2813 |     68 |      0 |   2208 |   2 | 1440.5 |
        Bailey |    298 |    298 |      0 |      0 |    105 |   1 |  298.0 |
      Ice Cave |    984 |    984 |      0 |      0 |    451 |   1 |  984.0 |
               +--------+--------+--------+--------+--------+-----+--------+

Top non-repeatable levels by time:
  Lair:6: 3096 daAuts
  Lair:5: 2675 daAuts
 Snake:2: 2178 daAuts
    D:11: 2119 daAuts
 Snake:4: 2090 daAuts
     D:5: 1773 daAuts
 Snake:1: 1769 daAuts
 Snake:3: 1713 daAuts
    D:13: 1654 daAuts
     D:3: 1633 daAuts
   Orc:2: 1605 daAuts
  Lair:4: 1558 daAuts
  Lair:1: 1528 daAuts
    D:15: 1418 daAuts
    D:12: 1394 daAuts
